 Dungeon Sprint DCSS version 0.23-a0-808-gd21de94 (webtiles) character file.

1462 Lanoc the Carver (level 8, 0/71 HPs)
             Began as a Demonspawn Berserker on Jan 21, 2019.
             Was a High Priest of Trog.
             Slain by a tengu conjurer (6 damage)
             ... in the Dungeon (Sprint IX: "|||||||||||||||||||||||||||||").
             The game lasted 00:01:49 (503 turns).

Lanoc the Carver (Demonspawn Berserker)              Turns: 503, Time: 00:01:50

Health: 0/71       AC: 13    Str: 24    XL:     8   Next: 48%
Magic:  8/8        EV: 16    Int:  8    God:    Trog [*****.]
Gold:   0          SH:  0    Dex: 12    Spells: 7/7 levels left

rFire    . . .     SeeInvis .   n - +2 scimitar (flame)
rCold    . . .     Gourm    .   (no shield)
rNeg     . . .     Faith    .   p - +1 scale mail
rPois    .         Spirit   .   a - +0 helmet
rElec    .         Reflect  .   o - +0 cloak
rCorr    .         Harm     .   (gloves unavailable)
MR       ++...     NoTele   +   (no boots)
Stlth    ..........             (no amulet)
HPRegen  1.21/turn              r - +2 ring of evasion
MPRegen  0.11/turn              q - +3 ring of strength

@: berserk cooldown, very slightly contaminated, regenerating, slowed, invisible
(expiring), very slow
A: claws 3, icy blue scales 1, powered by pain 1, rot immunity
a: Berserk, Trog's Hand, Brothers in Arms, Renounce Religion


You were in the Dungeon.
You worshipped Trog.
Trog was extremely pleased with you.
You were hungry.

You visited 1 branch

Inventory:

Hand Weapons
 n - a +2 scimitar of flaming (weapon)
Armour
 a - a +0 helmet (worn)
 o - a +0 cloak (worn)
 p - a +1 scale mail (worn)
Jewellery
 q - a +3 ring of strength (right claw)
 r - a +2 ring of evasion (left claw)
Wands
 m - a wand of iceblast (10)
Scrolls
 i - 2 scrolls of blinking
 l - 3 scrolls of remove curse
Potions
 d - 5 potions of curing
 f - a potion of haste
 g - 4 potions of magic
 h - a potion of berserk rage
Comestibles
 c - a ration
 j - 5 chunks of flesh


   Skills:
 + Level 9.1 Fighting
 * Level 11.3 Long Blades
 + Level 8.0 Armour
 + Level 8.0 Dodging


You had 7 spell levels left.
You didn't know any spells.
Your spell library was empty.

Dungeon Overview and Level Annotations

Branches:
Dungeon (1/1)

Altars:
Cheibriados
Dithmenos
Elyvilon
Fedhas
Gozag
Hepliaklqana
Kikubaaqudgha
Makhleb
Nemelex Xobeh
Okawaru
Qazlal
Ru
Sif Muna
Trog
Uskayaw
Vehumet
Wu Jian
Xom
Yredelemnul
Zin
The Shining One
Beogh
Jiyva
Lugonu


Innate Abilities, Weirdness & Mutations

You have claws for hands.
You are partially covered in icy blue scales. (AC +2)
You sometimes gain a little power by taking damage.
You are immune to rotting.


Message History

The tengu conjurer points at you and mumbles some strange words.
The zap misses you. The tengu conjurer blocks your attack.
The tengu conjurer is moderately wounded.
The tengu conjurer hits you but does no damage.
The tengu conjurer barely misses you.
The tengu conjurer claws you but does no damage.
You closely miss the tengu conjurer.
The tengu conjurer is moderately wounded.
The tengu conjurer casts a spell at you.
The zap hits you!
* * * LOW HITPOINT WARNING * * *
Unknown command.
You miss the tengu conjurer.
The tengu conjurer is moderately wounded.
You flicker for a moment.
The tengu conjurer misses you.
The tengu conjurer pecks you but does no damage.
The tengu conjurer barely misses you. The tengu conjurer hits you.
You die...

▓+▓
▓.▓
▓.▓
▓.▓
▓)▓
▓@▓
▓Q▓
▓*▓
▓(▓
▓)▓
▓.▓
▓(▓
▓.▓
▓.▓


You could see a tengu conjurer and a battlesphere.

Vanquished Creatures
  A centaur warrior (D)
  A black bear (D)
  An ice beast (D)
  A necrophage (D)
  A centaur (D)
  A bullfrog (D)
  A crimson imp (D)
  An orc wizard (D)
  A jelly (D)
  A worker ant (D)
  An adder (D)
  A shadow imp (D)
  An adder zombie (D)
  A bat (D)
  A bat skeleton (D)
  A hobgoblin (D)
  2 goblins (D)
  A kobold (D)
  A leopard gecko skeleton (D)
20 creatures vanquished.

Vanquished Creatures (others)
  An unseen horror (D)
1 creature vanquished.

Grand Total: 21 creatures vanquished

Notes
Turn   | Place    | Note
-------+----------+-------------------------------------------
     0 | D        | Lanoc the Demonspawn Berserker began the quest for the Orb.
     0 | D        | Reached XP level 1. HP: 18/18 MP: 1/1
     6 | D        | Reached skill level 3 in Long Blades
    10 | D        | Reached ** piety under Trog
   249 | D        | Noticed a necrophage
   249 | D        | Noticed an ice beast
   249 | D        | Noticed a worker ant
   254 | D        | Killed a worker ant
   254 | D        | Reached *** piety under Trog
   254 | D        | Reached skill level 4 in Long Blades
   254 | D        | Gained mutation: You have sharp fingernails. [demonic
                  | ancestry]
   254 | D        | Reached XP level 2. HP: 25/25 MP: 2/2
   254 | D        | Gained mutation: You are partially covered in icy blue
                  | scales. (AC +2) [demonic ancestry]
   254 | D        | Reached XP level 3. HP: 30/30 MP: 3/3
   258 | D        | Killed an ice beast
   258 | D        | Reached skill level 5 in Fighting
   258 | D        | Reached skill level 6 in Long Blades
   258 | D        | Gained mutation: You have very sharp fingernails. [demonic
                  | ancestry]
   258 | D        | Reached XP level 4. HP: 28/39 MP: 4/4
   260 | D        | Killed a necrophage
   260 | D        | Reached skill level 7 in Long Blades
   260 | D        | Gained mutation: You have claws for hands. [demonic
                  | ancestry]
   260 | D        | Reached XP level 5. HP: 33/46 MP: 5/5
   265 | D        | Reached skill level 5 in Armour
   265 | D        | Reached skill level 5 in Dodging
   273 | D        | Found a roughly hewn altar of Beogh.
   273 | D        | Found a snail-covered altar of Cheibriados.
   273 | D        | Found a shadowy altar of Dithmenos.
   273 | D        | Found a white marble altar of Elyvilon.
   273 | D        | Found a blossoming altar of Fedhas.
   273 | D        | Found an opulent altar of Gozag.
   274 | D        | Found a hazy altar of Hepliaklqana.
   275 | D        | Found a viscous altar of Jiyva.
   276 | D        | Found an ancient bone altar of Kikubaaqudgha.
   277 | D        | Found a corrupted altar of Lugonu.
   278 | D        | Found a burning altar of Makhleb.
   279 | D        | Found a sparkling altar of Nemelex Xobeh.
   280 | D        | Found an iron altar of Okawaru.
   281 | D        | Found a stormy altar of Qazlal.
   282 | D        | Found a sacrificial altar of Ru.
   283 | D        | Found a deep blue altar of Sif Muna.
   284 | D        | Found a bloodstained altar of Trog.
   285 | D        | Found a hide-covered altar of Uskayaw.
   286 | D        | Found a radiant altar of Vehumet.
   287 | D        | Found an ornate altar of the Wu Jian Council.
   288 | D        | Found a shimmering altar of Xom.
   289 | D        | Found a basalt altar of Yredelemnul.
   290 | D        | Found a glowing silver altar of Zin.
   291 | D        | Found a glowing golden altar of the Shining One.
   414 | D        | Noticed a black bear
   416 | D        | Reached **** piety under Trog
   423 | D        | Killed a black bear
   423 | D        | Reached skill level 8 in Long Blades
   423 | D        | Gained mutation: You are immune to rotting. [demonic
                  | ancestry]
   423 | D        | Reached XP level 6. HP: 46/53 MP: 6/6
   425 | D        | Reached ***** piety under Trog
   427 | D        | Received a gift from Trog
   452 | D        | Noticed a centaur warrior
   452 | D        | Noticed a tengu conjurer
   465 | D        | Reached skill level 9 in Long Blades
   470 | D        | Reached XP level 7. HP: 60/60 MP: 7/7
   474 | D        | Killed an unseen horror
   474 | D        | Reached skill level 10 in Long Blades
   494 | D        | Killed a centaur warrior
   494 | D        | Reached skill level 11 in Long Blades
   494 | D        | Gained mutation: You sometimes gain a little power by
                  | taking damage. [demonic ancestry]
   494 | D        | Reached XP level 8. HP: 4/71 MP: 8/8
   497 | D        | HP: 3/71 [tengu conjurer (4)]
   503 | D        | Slain by a tengu conjurer

Vault maps used:
D:        linesprint

Skill      XL: |  1  2  3  4  5  6  7 |
---------------+----------------------+-----
Long Blades    | 4 6 7 8 9 11 | 11.3
Armour         | 3 4 5 6 8 |  8.0
Dodging        | 3 4 5 6 8 |  8.0
Fighting       | 4 5 6 7 9 |  9.1

Action                   |  1- 3 |  4- 6 |  7- 9 || total
-------------------------+-------+-------+-------++-------
Melee: Falchion          |    20 |     7 |       ||    27
       Scimitar          |       |    29 |    26 ||    55
Invok: Berserk           |     1 |     1 |       ||     2
       Trog's Hand       |       |       |     1 ||     1
  Use: Potion            |       |       |     4 ||     4
 Stab: Invisible         |       |       |     1 ||     1
Armor: Animal skin       |     3 |       |       ||     3
       Scale mail        |       |    11 |    44 ||    55
Dodge: Dodged            |     7 |    32 |    55 ||    94
       Rpst.: Falchion   |     3 |     1 |       ||     4
       Scimitar          |       |     5 |     6 ||    11

Table legend:
 A = Non-vault XP
 B = Vault XP
 C = Vault XP percentage of total XP
 D = Non-vault monster count
 E = Vault monster count
 F = Vault count percentage of total count
                 A         B        C        D         E       F
            +---------+---------+-------+---------+---------+-------
      Total |       0 |    2089 | 100.0 |       0 |      21 | 100.0
            +---------+---------+-------+---------+---------+-------
          D |       0 |    2089 | 100.0 |       0 |      21 | 100.0
            +---------+---------+-------+---------+---------+-------
